 Dungeon Crawl Stone Soup version 0.21.1-1-g345015fe64 (webtiles) character file.

106 Kohma the Shield-Bearer (level 4, -1/29 HPs)
             Began as a Gargoyle Fighter on July 6, 2018.
             Was an Initiate of Okawaru.
             Killed by divine providence
             ... invoked by an orc priest
              (13 damage)
             ... on level 4 of the Dungeon.
             The game lasted 00:05:57 (2816 turns).

Kohma the Shield-Bearer (Gargoyle Fighter)          Turns: 2816, Time: 00:05:58

Health: -1/29      AC: 12    Str: 21    XL:     4   Next: 84%
Magic:  4/4        EV:  9    Int:  8    God:    Okawaru [......]
Gold:   247        SH:  4    Dex:  9    Spells: 3/3 levels left

rFire    . . .     SeeInvis .   a - +1 flail
rCold    . . .     Gourm    .   j - +0 buckler
rNeg     + . .     Faith    .   b - +0 scale mail
rPois    ∞         Spirit   .   (no helmet)
rElec    +         Reflect  .   (no cloak)
rCorr    .         Harm     .   s - +1 pair of gloves
MR       +....                  (no boots)
Stlth    ..........             (no amulet)
HPRegen  0.09/turn              l - ring of protection from magic
MPRegen  0.09/turn              (no ring)

@: no status effects
A: negative energy resistance 1, electricity resistance, unbreathing,
petrification resistance, rot immunity, AC +3
a: Renounce Religion


You were on level 4 of the Dungeon.
You worshipped Okawaru.
Okawaru was noncommittal.
You were not hungry.

You visited 1 branch of the dungeon, and saw 4 of its levels.

You collected 247 gold pieces.

Inventory:

Hand Weapons
 a - a +1 flail (weapon)
 w - a +0 hunting sling
Missiles
 g - 149 stones
 y - 2 javelins (quivered)
Armour
 b - a +0 scale mail (worn)
 c - a +0 shield
 j - a +0 buckler (worn)
 s - a +1 pair of gloves (worn)
Jewellery
 e - an uncursed ring of fire
 i - an uncursed ring of ice
 l - a ring of protection from magic (left hand)
Scrolls
 m - 3 scrolls of remove curse
 n - a scroll of teleportation
 p - 2 scrolls of enchant weapon
 r - a scroll of fog
Potions
 d - 2 potions of might
 h - a potion of agility {unknown}
 k - 4 potions of curing
 o - 4 potions of flight
 q - a potion of heal wounds {unknown}
 z - 2 potions of invisibility {unknown}
 A - 2 potions of cancellation {unknown}
Comestibles
 f - 5 rations
 B - a chunk of flesh


   Skills:
 + Level 3.8 Fighting
 * Level 3.2 Maces & Flails
 + Level 3.8 Armour
 * Level 4.3 Shields


You had 3 spell levels left.
You didn't know any spells.

Dungeon Overview and Level Annotations

Branches:
Dungeon (4/15)
 Temple: D:4-7

Altars:
Cheibriados
Gozag
Makhleb
Okawaru
Trog
Yredelemnul
Beogh


Innate Abilities, Weirdness & Mutations

You are resistant to torment.
Your stone body is resilient. (AC +3)
You are immune to poison.
You resist negative energy. (rN+)
You are resistant to electric shocks. (rElec)
You can survive without breathing.
You are immune to petrification.
You are immune to rotting.


Message History

The orc wizard casts a spell.
The orc wizard seems to speed up.
You see here a leopard gecko corpse.
You sock the giant cockroach!
You kill the giant cockroach!
Okawaru accepts your kill.
The orc priest invokes the aid of Beogh against you.
Pain shoots through your body!
The orc wizard gestures wildly while chanting.
The orc wizard flickers and vanishes!
Deactivating autopickup; reactivate with Ctrl-A.
You see here 25 sling bullets.
The orc priest miscasts a cantrip.
Some of the chunks of flesh in your inventory have rotted away.
Found 6 gold pieces.
You see here 6 gold pieces.
You now have 247 gold pieces (gained 6).
The orc priest mumbles some strange prayers to Beogh against you.
Beogh smites you!
You die...

#.
#.###.########.
#..............
####o#########.
#.# #. #o# #.
#.# #. #.# #.
########.# #.
#.@...o{.# .
#.######## #.
#. #. #. #####
#[ ##...## #.
#...... #......


You could see an orc priest.

Vanquished Creatures
  An iguana (D:4)
  Terence (D:3)
  2 adders
  2 worms (D:3)
  A dart slug (D:1)
  2 leopard geckos
  An orc (D:4)
  3 giant cockroaches
  5 goblins
  3 hobgoblins
  3 kobolds (D:3)
  A quokka (D:4)
  A bat (D:3)
  A rat (D:1)
27 creatures vanquished.

Notes
Turn   | Place    | Note
-------+----------+-------------------------------------------
     0 | D:1      | Kohma the Gargoyle Fighter began the quest for the Orb.
     0 | D:1      | Reached XP level 1. HP: 14/14 MP: 1/1
   393 | D:1      | Reached XP level 2. HP: 19/19 MP: 2/2
   755 | D:2      | Found a burning altar of Makhleb.
   876 | D:2      | Found a bloodstained altar of Trog.
  1026 | D:2      | Found a basalt altar of Yredelemnul.
  1812 | D:2      | Found an iron altar of Okawaru.
  1820 | D:2      | Became a worshipper of Warmaster Okawaru
  1860 | D:3      | Noticed Terence
  1865 | D:3      | Reached XP level 3. HP: 23/23 MP: 3/3
  1876 | D:3      | Killed Terence
  1911 | D:3      | Reached skill level 4 in Shields
  1916 | D:3      | Reached XP level 4. HP: 29/29 MP: 4/4
  2177 | D:3      | Found a snail-covered altar of Cheibriados.
  2666 | D:4      | Found an opulent altar of Gozag.
  2779 | D:4      | Found a roughly hewn altar of Beogh.
  2816 | D:4      | Killed from afar by an orc priest

Skill      XL: |  1  2  3  4 |
---------------+-------------+-----
Shields        | 4 |  4.3
Maces & Flails | 3 |  3.2
Fighting       | |  3.8
Armour         | |  3.8

Action                   |  1- 3 |  4- 6 || total
-------------------------+-------+-------++-------
Melee: Flail             |    53 |    52 ||   105
  Use: Scroll            |       |    11 ||    11
  Eat: Chunk             |     3 |     3 ||     6
Armor: Scale mail        |    21 |    41 ||    62
Dodge: Dodged            |    23 |    36 ||    59
Block: Shield            |     4 |       ||     4
       Buckler           |     9 |    17 ||    26
